 Dungeon Crawl Stone Soup version 0.19-a0-1608-g4cf22de (webtiles) character file.

3388 Alarkh the Carver (level 9, -6/62 HPs)
             Began as a Mummy Necromancer on Sept 17, 2016.
             Was an Elder of Okawaru.
             Mangled by an ogre
             ... wielding a +0 giant spiked club
              (31 damage)
             ... on level 8 of the Dungeon.
             The game lasted 00:16:09 (9705 turns).

Alarkh the Carver (Mummy Necromancer)               Turns: 9705, Time: 00:16:11

Health: -6/62      AC:  4    Str: 11    XL:     9   Next: 74%
Magic:  3/17       EV: 13    Int: 17    God:    Okawaru [****..]
Gold:   477        SH:  0    Dex: 13    Spells: 3 memorised, 10 levels left

rFire  x . .     SeeInvis .     w - +0 long sword
rCold  + . .     Gourm    .     t - +0 robe {Archmagi}
rNeg   + + +     Faith    .     (no shield)
rPois  ∞         Spirit   .     (no helmet)
rElec  .         Dismiss  .     z - +1 cloak {MR+}
rCorr  +         Reflect  .     (no gloves)
MR     ++...     Harm     .     (no boots)
Stlth  ++........               (no amulet)
                                (no ring)
                                y - ring of resist corrosion

@: slowed, very slow
A: no food or potions, fire vulnerability, cold resistance 1, negative energy
resistance 3, torment resistance, unbreathing
a: Heroism, Renounce Religion


You were on level 8 of the Dungeon.
You worshipped Okawaru.
Okawaru was greatly pleased with you.
You were not hungry.

You visited 2 branches of the dungeon, and saw 10 of its levels.

You collected 617 gold pieces.
You spent 140 gold pieces at shops.

Inventory:

Hand Weapons
 a - a +2 dagger of venom
 b - a +0 dagger of electrocution
 g - a +0 mace
 h - a +2 trident of protection
 j - a +2 short sword of freezing
 s - a +0 long sword
 w - a +0 long sword (weapon)
 A - a +4 quarterstaff of chaos
Missiles
 D - a throwing net (quivered)
Armour
 m - a +0 robe
 t - a +0 robe of the Archmagi (worn)
 z - a +1 cloak of magic resistance (worn)
Jewellery
 k - an uncursed ring of teleportation
 y - a ring of resist corrosion (left hand)
Wands
 f - a wand of paralysis (0/24)
 o - a wand of digging (10/24)
 q - a wand of teleportation (2/9)
 r - a wand of paralysis (3/24)
 u - a wand of paralysis (8/24)
 v - a wand of teleportation (2/9)
 C - a wand of flame (22/48)
Scrolls
 c - 3 scrolls of magic mapping
 d - 3 scrolls of remove curse
 e - a scroll of identify
 i - a scroll of fear
 n - 2 scrolls of enchant weapon
 p - 2 scrolls of amnesia {unknown}
 x - a scroll of recharging {unknown}
 B - 2 scrolls of enchant armour {unknown}
Books
 l - a book of Necromancy

   Spells                             Type                      Level
   a - Pain                           Necromancy                   1
   b - Animate Skeleton               Necromancy                   1
   c - Vampiric Draining              Necromancy                   3
   d - Regeneration                   Charms/Necromancy            3
   e - Animate Dead                   Necromancy                   4
   f - Control Undead                 Necromancy                   4


   Skills:
 - Level 2.3 Fighting
 + Level 8.6 Long Blades
 - Level 2.0 Armour
 - Level 2.7 Dodging
 - Level 1.5 Stealth
 - Level 5.4 Spellcasting
 - Level 7.0 Necromancy


You had 10 spell levels left.
You knew the following spells:

 Your Spells              Type           Power        Failure   Level  Hunger
a - Pain                  Necr           ####         1%          1    N/A
b - Vampiric Draining     Necr           #####.....   2%          3    N/A
c - Control Undead        Necr           #####.....   10%         4    N/A

Dungeon Overview and Level Annotations

Branches:
Dungeon (9/15)             Temple (1/1) D:7
   Lair: D:8-11         Orc: D:9-12

Altars:
Ashenzari
Cheibriados
Dithmenos
Elyvilon
Gozag
Hepliaklqana
Kikubaaqudgha
Nemelex Xobeh
Okawaru
Qazlal
Ru
Sif Muna
Trog
Uskayaw
Vehumet
Xom
Yredelemnul
Zin
The Shining One

Shops:
D:4 }   D:7 =


Innate Abilities, Weirdness & Mutations

You do not eat or drink.
Your flesh is vulnerable to fire.
You are immune to poison.
Your flesh is cold resistant. (rC+)
You are immune to negative energy. (rN+++)
You are immune to unholy pain and torment.
You can survive without breathing.


Message History

The worker ant zombie is almost destroyed.
The worker ant zombie closely misses you.
You slash the worker ant zombie!
You destroy the worker ant zombie!
Okawaru accepts your kill.
Your magical contamination has completely faded away.
You start resting.
An ogre comes into view. It is wielding a giant spiked club.
Casting: Control Undead
Confirm with . or Enter, or press ? or * to list all spells.
Aiming: Vampiric Draining
Press: ? - help, Shift-Dir - straight line, f - ogre
Aim: an ogre, wielding a giant spiked club (hasn't noticed you)
You feel a surge of power!
The ogre shouts!
The ogre is moderately wounded.
You feel life coursing into your body.
The ogre hits you with a giant spiked club!!
Ouch! That really hurt!
You die...

###.# #.#.# .#
######### #####.#.##
#.# #........
.........# #.#
#.####### # #.....####
#.# #.# #
#...⌠#⌠..#####.# #.# #
##..#####.)..##.#
#.####### #
#.....#(.....##.###
#[.......
###.#...#o..#..O@...#
#########
...⌠#.._#_..#⌠###.#.##
.....
##.###########.......#
##### #..⌠# #⌠.##.#..#
#...#. #..##.#..#
....... .. #.#..#
#.....# #. #.#..# ####
#...... . ..#..# #...
#...#.#. ###..# #...


You could see an ogre.

Vanquished Creatures
  A spriggan (D:8)
  The ghost of Gruesome the Ducker, an amateur SpAs (D:4)
  A wraith (D:8)
  3 sky beasts
  2 orc warriors
  3 ice beasts
  6 ogres
  3 bullfrogs
  A wyvern zombie (D:7)
  2 scorpions
  5 killer bees (D:8)
  2 howler monkeys
  3 crimson imps
  A quasit (D:5)
  A centaur zombie (D:5)
  A hound (D:8)
  2 jellies
  Crazy Yiuf (D:7)
  A gnoll shaman (D:5)
  3 orc priests
  4 orc wizards
  A bullfrog skeleton (D:8)
  2 iguanas
  2 worker ants
  A hound skeleton (D:7)
  13 gnolls
  2 worker ant zombies
  9 adders
  A shadow imp (D:7)
  3 oozes
  An adder zombie (D:5)
  3 adder skeletons
  2 worms
  12 dart slugs
  10 leopard geckos
  29 orcs
  6 bats
  7 giant cockroaches
  6 goblins
  4 hobgoblins
  7 jackals
  7 kobolds
  4 quokkas
  2 ball pythons (D:1)
  6 frilled lizards
  7 rats
  A fungus (D:7)
195 creatures vanquished.

Notes
Turn   | Place    | Note
-------+----------+-------------------------------------------
     0 | D:1      | Alarkh the Mummy Necromancer began the quest for the Orb.
     0 | D:1      | Reached XP level 1. HP: 13/13 MP: 3/3
   379 | D:1      | Reached XP level 2. HP: 19/19 MP: 1/5
  1033 | D:2      | Found a faded altar of an unknown god.
  1059 | D:2      | Reached XP level 3. HP: 23/24 MP: 1/7
  1064 | D:2      | Became a worshipper of Warmaster Okawaru
  1064 | D:2      | Reached * piety under Okawaru
  1156 | D:2      | Found a deep blue altar of Sif Muna.
  1379 | D:2      | Reached XP level 4. HP: 24/30 MP: 1/8
  1630 | D:2      | Reached skill level 5 in Necromancy
  1786 | D:2      | Learned a level 3 spell: Vampiric Draining
  1791 | D:2      | Learned a level 4 spell: Control Undead
  2259 | D:2      | Reached XP level 5. HP: 26/35 MP: 0/10
  2625 | D:3      | Found a glowing silver altar of Zin.
  2856 | D:4      | Reached XP level 6. HP: 36/41 MP: 6/12
  2893 | D:4      | Reached ** piety under Okawaru
  2897 | D:4      | Noticed Gruesome's ghost (amateur SpAs)
  3444 | D:4      | Found Okhiroes's Gadget Shop.
  3445 | D:4      | Noticed a sky beast
  3471 | D:4      | Killed a sky beast
  3481 | D:4      | Bought a wand of paralysis (8/24) for 140 gold pieces
  3635 | D:4      | Killed Gruesome's ghost
  3635 | D:4      | Reached skill level 5 in Spellcasting
  3635 | D:4      | Reached XP level 7. HP: 21/46 MP: 13/15
  3875 | D:4      | Reached skill level 1 in Fighting
  3962 | D:4      | Reached skill level 1 in Armour
  4518 | D:5      | Entered Level 5 of the Dungeon
  4742 | D:5      | Reached *** piety under Okawaru
  4742 | D:5      | Reached XP level 8. HP: 35/57 MP: 3/16
  4844 | D:5      | Reached skill level 1 in Long Blades
  4908 | D:5      | Reached skill level 2 in Long Blades
  5116 | D:5      | Reached skill level 3 in Long Blades
  5554 | D:6      | Reached skill level 4 in Long Blades
  5842 | D:6      | Reached skill level 5 in Long Blades
  5860 | D:6      | Reached **** piety under Okawaru
  6384 | D:7      | Found a staircase to the Ecumenical Temple.
  6390 | D:7      | Found Geirirch's Jewellery Boutique.
  6399 | Temple   | Entered the Ecumenical Temple
  6979 | D:7      | Reached XP level 9. HP: 42/62 MP: 10/17
  7198 | D:7      | Reached skill level 6 in Long Blades
  7630 | D:7      | Found a runed door.
  7634 | D:7      | Noticed Crazy Yiuf
  7640 | D:7      | Killed Crazy Yiuf
  7854 | D:8      | Reached skill level 7 in Long Blades
  8278 | D:8      | Found a snail-covered altar of Cheibriados.
  8285 | D:8      | Found a shattered altar of Ashenzari.
  9376 | D:8      | Reached skill level 8 in Long Blades
  9705 | D:8      | Mangled by an ogre

Vault maps used:
D:1:      elethiomel_arrival_maze
D:2:      led_sif_pool, ecumenical_altar_1
D:3:      lemuel_round_altar, first_bread
D:4:      kennysheep_slugbush, serial_shops, shop_coins, hangedman_decor_growths
D:7:      serial_shops, nicolae_shop_behind_doors, uniq_crazy_yiuf_cottage
D:8:      nicolae_overflow_quartered_altars, the_bakery
D:9:      erik_lair_orcish_takeover, orc_0_dummy, special_room, basic_altar
Temple:   eino_wide_crystal_templ

Skill      XL: |  1  2  3  4  5  6  7  8  9 |
---------------+----------------------------+-----
Spellcasting   | 3 4 5 |  5.4
Necromancy     | 5 6 7 |  7.0
Fighting       | 2 |  2.3
Dodging        | 2 |  2.7
Armour         | 2 |  2.0
Long Blades    | 5 8 |  8.6
Stealth        | |  1.5

Action                   |  1- 3 |  4- 6 |  7- 9 || total
-------------------------+-------+-------+-------++-------
Melee: Mace              |     5 |       |       ||     5
       Unarmed           |     2 |       |       ||     2
       Short sword       |    27 |     4 |       ||    31
       Dagger            |       |    92 |   217 ||   309
       Long sword        |       |       |    38 ||    38
       Trident           |       |       |     6 ||     6
       Punch             |       |       |     1 ||     1
 Cast: Pain              |    56 |   101 |   225 ||   382
       Vampiric Draining |       |     3 |    28 ||    31
       Control Undead    |       |     1 |     3 ||     4
Invok: Heroism           |       |     2 |     2 ||     4
Evoke: Wand              |       |     5 |     6 ||    11
  Use: Scroll            |     4 |     3 |     6 ||    13
 Stab: Sleeping          |       |     3 |     3 ||     6
       Paralysed         |       |     9 |     7 ||    16
Armor: Robe              |     7 |    17 |    31 ||    55
Dodge: Dodged            |    46 |    76 |   223 ||   345
